 Dungeon Crawl Stone Soup version 0.15.2 (webtiles) character file.

9364 kae the Bludgeoner (level 11, -14/82 HPs)
             Began as a Minotaur Fighter on Dec 28, 2014.
             Was a Priest of Qazlal.
             Killed from afar by magipi's ghost (20 damage)
             ... with a flame tongue
             ... on Level 10 of the Dungeon.
             The game lasted 00:14:52 (10100 turns).

kae the Bludgeoner (Minotaur Fighter)              Turns: 10100, Time: 00:14:53

HP -14/82        AC 10     Str 27      XL: 11   Next: 22%
MP  13/13        EV 13     Int  8      God: Qazlal [***...]
Gold 636         SH 14     Dex 14      Spells:  0 memorised, 10 levels left

rFire  . . .     SeeInvis +     b - +4 whip
rCold  . . .     Clarity  +     U - +1 ring mail "Jeymopt" {Str+4 Int+1}
rNeg   . . .     rCorr    .     c - +0 shield
rPois  .         rRot     .     (helmet restricted)
rElec  .         Spirit   .     k - +0 cloak
SustAb .         Warding  .     H - +1 pair of gloves {archery}
rMut   .         Stasis   .     (no boots)
Gourm  .                        p - amulet of clarity
MR     .....                    A - ring of see invisible
                                P - ring of magical power

@: agile, liquid flames, glowing, not resistant to hostile enchantments, very
unstealthy
A: retaliatory headbutt, horns 2
a: Upheaval, Elemental Force, Renounce Religion


You were on level 10 of the Dungeon.
You worshipped Qazlal.
Qazlal was most pleased with you.
You were hungry.

You visited 2 branches of the dungeon, and saw 11 of its levels.
You also visited: Ossuary.

You collected 636 gold pieces.

Inventory:

Hand weapons
 a - a +0 flail
 b - a +4 whip (weapon)
 r - a +1 morningstar of draining
 O - a +2 flail
Missiles
 s - 3 tomahawks (quivered)
Armour
 c - a +0 shield (worn)
 k - a +0 cloak (worn)
 t - a +2 chain mail of cold resistance
 H - a +1 pair of gloves of archery (worn)
 N - a +2 pair of gloves
 U - the +1 ring mail "Jeymopt" (worn) {Str+4 Int+1}
   (You found it on level 8 of the Dungeon)

   It affects your strength (+4).
   It affects your intelligence (+1).
Magical devices
 e - a wand of paralysis (0)
 l - a wand of lightning (5)
 C - a wand of magic darts (7)
 D - a wand of slowing (23)
 G - a wand of slowing (13)
 T - a wand of cold (2)
Comestibles
 d - 8 bread rations
 v - 4 meat rations
 R - 15 fruits
 S - 6 slices of pizza
Scrolls
 f - 2 scrolls of fear
 h - 3 scrolls of amnesia
 i - a scroll of random uselessness
 j - 5 scrolls of teleportation
 o - a scroll of brand weapon {unknown}
 q - a scroll of immolation {unknown}
 x - a scroll of enchant armour {unknown}
 B - 2 scrolls of magic mapping
 L - 3 scrolls of identify
 Q - a scroll of blinking
 W - a scroll of remove curse
Jewellery
 p - an amulet of clarity (around neck)
 y - a cursed ring of flight
 A - a ring of see invisible (right hand)
 I - an uncursed amulet of stasis
 P - a ring of magical power (left hand)
Potions
 g - 3 potions of mutation
 m - 2 potions of flight
 n - 2 potions of confusion {unknown}
 u - a potion of lignification
 w - 2 potions of poison
 z - 2 potions of brilliance
 E - 2 potions of heal wounds
 F - a potion of restore abilities
 J - a potion of curing
Books
 K - a book of Conjurations

   Spells                             Type                      Level
   Magic Dart                         Conjuration                  1
   Searing Ray                        Conjuration                  2
   Dazzling Spray                     Conjuration/Hexes            3
   Fulminant Prism                    Conjuration/Hexes            4
   Iskenderun's Mystic Blast          Conjuration                  4
   Iskenderun's Battlesphere          Conjuration/Charms           5


   Skills:
 - Level 3.6 Fighting
 + Level 19.1 Maces & Flails
 - Level 3.6 Armour
 - Level 3.6 Shields


You had 10 spell levels left.
You didn't know any spells.

Dungeon Overview and Level Annotations

Branches:
Dungeon (10/15)            Temple (1/1) D:6            Lair (0/8) D:8
    Orc: D:9-12

Altars:
Ashenzari
Cheibriados
Dithmenos
Elyvilon
Fedhas
Kikubaaqudgha
Makhleb
Nemelex Xobeh
Okawaru
Qazlal
Sif Muna
Trog
Vehumet
Xom
Yredelemnul
Zin
The Shining One

Annotations:
D:10 magipi's ghost, experienced DgFE


Innate Abilities, Weirdness & Mutations

You reflexively headbutt those who attack you in melee.
You have a pair of horns on your head.


Message History

You headbutt magipi's ghost.
Drink which item? (? for menu, Esc to quit)
You feel agile all of a sudden.
Magipi's ghost is engulfed in roaring flames.
Magipi's ghost sprays you with burning goo.
The sticky flame hits you!
You are covered in liquid flames!
* * * LOW HITPOINT WARNING * * *
You whack magipi's ghost! Your headbutt misses magipi's ghost.
Magipi's ghost is moderately damaged.
You are covered in liquid flames!
* * * LOW HITPOINT WARNING * * *
You hit magipi's ghost.
Magipi's ghost is moderately damaged.
You are covered in liquid flames!
* * * LOW HITPOINT WARNING * * *
Magipi's ghost is engulfed in roaring flames.
Magipi's ghost gestures at you while chanting.
The flame tongue hits you!
You die...

..# #....# ..? ..#
#....# .....
..####+#(...#+##...#
...............#...#
...............#...#
...............#...#
####'##........#...#
......#........#...#
......#..§.....#@..#
......##'#######W§.#
.........W....§.%..###
#########.......%.......
#...............
#########+######


You could see magipi's ghost.

Vanquished Creatures
  A hydra (D:8)
  Erolcha (D:8)
  The ghost of kae the Martial Artist, an experienced DrTm of Qazlal (D:7)
  A hill giant (D:10)
  An unseen horror (D:10)
  A fire drake (D:8)
  A slime creature (D:8)
  The ghost of kae the Cudgeler, an average MiFi (D:4)
  The ghost of kae the Cudgeler, an average MiFi (D:3)
  A hippogriff (D:9)
  9 yaks
  A steam dragon (D:9)
  A phantom (D:8)
  2 orc warriors (D:8)
  2 sky beasts
  4 ice beasts
  5 ogres
  4 centaurs
  A necrophage (D:7)
  3 big kobolds (D:8)
  3 giant frogs
  3 elf zombies (Ossuary)
  An eye of draining (D:9)
  2 scorpions
  A water moccasin skeleton (D:5)
  2 hippogriff skeletons
  7 wights (D:8)
  A yak skeleton (D:8)
  An electric eel (D:9)
  A quasit (D:7)
  2 crimson imps (D:5)
  10 hounds
  4 iguanas
  4 centaur zombies
  4 human zombies (Ossuary)
  A jelly (D:4)
  6 orc wizards
  7 worker ants
  2 sheep (D:8)
  4 mummies
  9 gnolls
  13 adders
  A giant mite (D:3)
  A shadow imp (D:8)
  An inept item mimic (D:2)
  2 worms (D:3)
  An adder zombie (D:7)
  An iguana zombie (D:6)
  An iguana skeleton (D:4)
  18 orcs
  2 ball pythons (D:3)
  9 giant cockroaches
  15 hobgoblins
  14 jackals
  5 quokkas
  11 bats
  7 giant geckos
  2 giant newts (D:3)
  11 goblins
  11 kobolds
  An orc skeleton (D:9)
  11 rats
  3 ballistomycetes (D:8)
258 creatures vanquished.

Vanquished Creatures (collateral kills)
  A centaur zombie (Ossuary)
  A human zombie (Ossuary)
2 creatures vanquished.

Vanquished Creatures (others)
  A giant spore (D:8)
1 creature vanquished.

Grand Total: 261 creatures vanquished

Notes
Turn   | Place    | Note
--------------------------------------------------------------
     0 | D:1      | kae, the Minotaur Fighter, began the quest for the Orb.
     0 | D:1      | Reached XP level 1. HP: 19/19 MP: 1/1
   520 | D:2      | Reached XP level 2. HP: 19/26 MP: 1/1
   966 | D:2      | Reached skill level 4 in Maces & Flails
  1170 | D:2      | Reached XP level 3. HP: 31/31 MP: 2/2
  1278 | D:2      | Reached skill level 5 in Maces & Flails
  1381 | D:2      | Reached XP level 4. HP: 31/39 MP: 2/2
  1832 | D:2      | Found a glowing golden altar of the Shining One.
  1833 | D:2      | Found a bloodstained altar of Trog.
  2010 | D:3      | Reached skill level 6 in Maces & Flails
  2017 | D:3      | Reached XP level 5. HP: 45/45 MP: 2/2
  2108 | D:3      | Found a deep blue altar of Sif Muna.
  2188 | D:3      | Found a blossoming altar of Fedhas.
  2212 | D:3      | Reached skill level 7 in Maces & Flails
  2564 | D:3      | Found a radiant altar of Vehumet.
  2671 | D:3      | Noticed kae's ghost (average MiFi)
  2952 | D:3      | Killed kae's ghost
  2952 | D:3      | Reached skill level 8 in Maces & Flails
  2952 | D:3      | Reached XP level 6. HP: 40/51 MP: 3/3
  3243 | D:4      | Reached skill level 9 in Maces & Flails
  3341 | D:4      | Reached XP level 7. HP: 57/57 MP: 3/3
  3821 | D:4      | Noticed kae's ghost (average MiFi)
  3838 | D:4      | Killed kae's ghost
  3838 | D:4      | Reached skill level 10 in Maces & Flails
  3919 | D:5      | Entered Level 5 of the Dungeon
  4131 | D:5      | Reached skill level 11 in Maces & Flails
  4384 | D:5      | Reached XP level 8. HP: 64/64 MP: 3/3
  5070 | D:5      | Found a burning altar of Makhleb.
  5324 | D:6      | Reached skill level 12 in Maces & Flails
  5336 | D:6      | Found a sand-covered staircase.
  5345 | Ossuary  | Entered an ossuary
  5746 | Ossuary  | Reached skill level 13 in Maces & Flails
  6078 | D:6      | Identified a scroll of acquirement
  6164 | D:6      | Reached XP level 9. HP: 70/70 MP: 4/4
  6285 | D:6      | Found a staircase to the Ecumenical Temple.
  6359 | Temple   | Entered the Ecumenical Temple
  6476 | Temple   | Became a worshipper of Qazlal Stormbringer
  6571 | D:6      | Reached skill level 14 in Maces & Flails
  7282 | D:7      | Acquired Qazlal's first power
  7340 | D:7      | Noticed kae's ghost (experienced DrTm)
  7405 | D:7      | Killed kae's ghost
  7405 | D:7      | Reached skill level 15 in Maces & Flails
  7712 | D:8      | Found a staircase to the Lair.
  7723 | D:8      | Noticed a fire drake
  7730 | D:8      | Killed a fire drake
  7731 | D:8      | Noticed Erolcha
  7746 | D:8      | Killed Erolcha
  7746 | D:8      | Reached skill level 16 in Maces & Flails
  7746 | D:8      | Reached XP level 10. HP: 64/77 MP: 4/4
  7938 | D:8      | Noticed a three-headed hydra
  7948 | D:8      | Killed a three-headed hydra
  7999 | D:8      | Reached skill level 17 in Maces & Flails
  8342 | D:8      | Got a shimmering ring mail
  8418 | D:8      | Acquired Qazlal's second power
  8649 | D:8      | Reached skill level 18 in Maces & Flails
  9140 | D:9      | Identified the +1 ring mail "Jeymopt" {Str+4 Int+1} (You found it on level 8 of the Dungeon)
  9371 | D:9      | Reached XP level 11. HP: 42/82 MP: 4/4
  9761 | D:10     | Entered Level 10 of the Dungeon
  9785 | D:10     | Noticed a hill giant
  9797 | D:10     | Killed a hill giant
  9840 | D:10     | Noticed an unseen horror
  9873 | D:10     | Killed an unseen horror
  9964 | D:10     | Reached skill level 19 in Maces & Flails
  9978 | D:10     | Acquired Qazlal's third power
 10083 | D:10     | Noticed magipi's ghost (experienced DgFE)
 10100 | D:10     | Killed from afar by magipi's ghost

Action                   |  1- 3 |  4- 6 |  7- 9 | 10-12 || total
-------------------------+-------+-------+-------+-------++-------
Melee: Flail             |    78 |   176 |    46 |       ||   300
       Whip              |       |       |   537 |   349 ||   886
Evoke: Wand              |       |       |     2 |     3 ||     5
  Use: Potion            |       |     1 |     1 |    12 ||    14
       Scroll            |       |       |    18 |       ||    18
  Eat: Chunk             |     1 |     7 |    10 |     8 ||    26
       Fruit             |       |       |     3 |       ||     3
       Beef jerky        |       |       |     1 |       ||     1
